TOP OF THE 1ST |
Kane County Cougars batting - Pitching for Lakewood BlueClaws : RHP Seizaburo Takahashi
|
Pitching: RHP Seizaburo Takahashi
|
|
Batting: LHB Willie Gutierrez
|
0-0: Ball 1-0: Swinging Strike 1-1: Ball 2-1: Ground out 4-3 (Groundball, 34, EV 110.0 MPH)
|
Batting: RHB Edgar Garcia
|
0-0: Called Strike 0-1: Ground out U3 (Groundball, 3L, EV 76.9 MPH)
|
Batting: LHB Kevin Ferguson
|
0-0: Ground out 6-3 (Groundball, 56, EV 98.8 MPH)
|
Top of the 1st over - 0 runs, 0 hits, 0 errors, 0 left on base; Kane County 0 - Lakewood 0 |
BOTTOM OF THE 1ST |
Lakewood BlueClaws batting - Pitching for Kane County Cougars : LHP Dave Martin
|
Pitching: LHP Dave Martin
|
|
Batting: RHB Chris Myers
|
0-0: Swinging Strike 0-1: DOUBLE (Line Drive, 8LXD, EV 98.1 MPH)
|
Batting: LHB Jose Carlos
|
0-0: Called Strike 0-1: Swinging Strike 0-2: Ball 1-2: Foul Ball, location: 2F 1-2: Foul Ball, location: 2F 1-2: Foul Ball, location: 2F 1-2: Ball 2-2: Fly out, F8 (Flyball, 8RD, EV 100.6 MPH) Runner from 2nd tags up, SAFE at 3rd with throw by CF
|
Batting: RHB Manny Mendoza
|
0-0: Ball 1-0: Called Strike 1-1: Foul Ball, location: 2F 1-2: Ball 2-2: 2-RUN HOME RUN (Flyball, 89XD, EV 104.4 MPH), Distance : 411 ft
|
Batting: LHB Josh George
|
0-0: Ball 1-0: Fly out, F7 (Flyball, 7LD, EV 82.5 MPH)
|
Batting: RHB Matt McDevitt
|
0-0: Ball 1-0: Ball 2-0: Ball 3-0: Base on Balls
|
Batting: RHB Victor Arroyo
|
0-0: Ball 1-0: Foul Ball, location: 2F 1-1: Swinging Strike 1-2: 2-RUN HOME RUN (Line Drive, 9LD, EV 96.2 MPH), Distance : 362 ft
|
Batting: RHB Pablo Lopez
|
0-0: TRIPLE (Line Drive, 78XD, EV 106.2 MPH)
|
Batting: RHB Gary Hills
|
0-0: Ball 1-0: Foul Ball, location: 2F 1-1: Ground out 4-3 (Groundball, 4S, EV 88.1 MPH)
|
Bottom of the 1st over - 4 runs, 4 hits, 0 errors, 1 left on base; Kane County 0 - Lakewood 4 |
TOP OF THE 2ND |
Kane County Cougars batting - Pitching for Lakewood BlueClaws : RHP Seizaburo Takahashi
|
Batting: RHB Chris Bittner
|
0-0: Called Strike 0-1: Ball 1-1: Called Strike 1-2: Strikes out looking
|
Batting: LHB Rick Roemer
|
0-0: Ball 1-0: Ball 2-0: Ball 3-0: Base on Balls
|
Batting: RHB Marlon Reda
|
0-0: Swinging Strike 0-1: Called Strike 0-2: Ball 1-2: Ball 2-2: Ball 3-2: Grounds into double play, 4-6-3 (Groundball, 4S, EV 91.9 MPH)
|
Top of the 2nd over - 0 runs, 0 hits, 0 errors, 0 left on base; Kane County 0 - Lakewood 4 |
BOTTOM OF THE 2ND |
Lakewood BlueClaws batting - Pitching for Kane County Cougars : LHP Dave Martin
|
Batting: SHB Mike Rueth
|
0-0: Called Strike 0-1: Swinging Strike 0-2: Ball 1-2: Strikes out swinging
|
Batting: RHB Chris Myers
|
0-0: TRIPLE (Line Drive, 89XD, EV 98.1 MPH)
|
Batting: LHB Jose Carlos
|
0-0: Ball 1-0: Foul Ball, location: 2F 1-1: Ground out U3 (Groundball, 3L, EV 86.2 MPH)
|
Batting: RHB Manny Mendoza
|
0-0: Ground out U3 (Groundball, 3S, EV 93.8 MPH)
|
Bottom of the 2nd over - 0 runs, 1 hit, 0 errors, 1 left on base; Kane County 0 - Lakewood 4 |
TOP OF THE 3RD |
Kane County Cougars batting - Pitching for Lakewood BlueClaws : RHP Seizaburo Takahashi
|
Batting: LHB T.J. Duvall
|
0-0: Swinging Strike 0-1: Ball 1-1: Ball 2-1: Fly out, F5 (Flyball, 5D, EV 93.8 MPH)
|
Batting: RHB Sergio Manzanero
|
0-0: Ball 1-0: Foul Ball, location: 2F 1-1: DOUBLE (Flyball, 8RXD, EV 97.5 MPH)
|
Batting: RHB Wes Santiago
|
0-0: Ground out 4-3 (Groundball, 4S, EV 73.8 MPH) Sergio Manzanero to third
|
Batting: LHB Willie Gutierrez
|
0-0: Ball 1-0: Called Strike 1-1: Fly out, F8 (Flyball, 89D, EV 80.6 MPH)
|
Top of the 3rd over - 0 runs, 1 hit, 0 errors, 1 left on base; Kane County 0 - Lakewood 4 |
BOTTOM OF THE 3RD |
Lakewood BlueClaws batting - Pitching for Kane County Cougars : LHP Dave Martin
|
Batting: LHB Josh George
|
0-0: Ball 1-0: Called Strike 1-1: Swinging Strike 1-2: Ball 2-2: Ball 3-2: Strikes out swinging
|
Batting: RHB Matt McDevitt
|
0-0: Called Strike 0-1: SINGLE (Groundball, 34D, EV 107.5 MPH)
|
Batting: RHB Victor Arroyo
|
0-0: Swinging Strike 0-1: Ball 1-1: Ball 2-1: Foul Ball, location: 2F 2-2: Strikes out swinging
|
Batting: RHB Pablo Lopez
|
0-0: Ball 1-0: Ball 2-0: Ball 3-0: Called Strike 3-1: Foul Ball, location: 2F 3-2: Ground out 4-3 (Groundball, 34, EV 105.6 MPH)
|
Bottom of the 3rd over - 0 runs, 1 hit, 0 errors, 1 left on base; Kane County 0 - Lakewood 4 |
TOP OF THE 4TH |
Kane County Cougars batting - Pitching for Lakewood BlueClaws : RHP Seizaburo Takahashi
|
Batting: RHB Edgar Garcia
|
0-0: SINGLE (Flyball, 89S, EV 95.0 MPH)
|
Batting: LHB Kevin Ferguson
|
0-0: Called Strike 0-1: Grounds out, U3 (Groundball, 3L, EV 87.5 MPH)
|
Batting: RHB Chris Bittner
|
0-0: Ball 1-0: Ground out 4-3 (Groundball, 4, EV 101.2 MPH) Edgar Garcia to third
|
Batting: LHB Rick Roemer
|
0-0: Foul Ball, location: 2F 0-1: Fly out, F7 (Flyball, 7, EV 97.5 MPH)
|
Top of the 4th over - 0 runs, 1 hit, 0 errors, 1 left on base; Kane County 0 - Lakewood 4 |
BOTTOM OF THE 4TH |
Lakewood BlueClaws batting - Pitching for Kane County Cougars : LHP Dave Martin
|
Batting: RHB Gary Hills
|
0-0: Ball 1-0: Ball 2-0: Ball 3-0: Called Strike 3-1: Ground out 6-3 (Groundball, 6, EV 107.5 MPH)
|
Batting: SHB Mike Rueth
|
0-0: Called Strike 0-1: Ball 1-1: DOUBLE (Flyball, 78XD, EV 100.6 MPH)
|
Batting: RHB Chris Myers
|
0-0: SINGLE (Line Drive, 6MD, EV 103.1 MPH) Mike Rueth to third
|
Batting: LHB Jose Carlos
|
0-0: Ball 1-0: Foul Ball, location: 2F 1-1: Foul Ball, location: 2F 1-2: Ball Chris Myers steals 2nd, throwing error, E2 Mike Rueth scores Chris Myers to third 2-2: Ball 3-2: Base on Balls
|
Pitching: RHP Mike Stover
|
|
Batting: RHB Manny Mendoza
|
0-0: Ball Jose Carlos steals 2nd base 1-0: Foul Ball, location: 2F 1-1: Ball 2-1: Ball 3-1: 3-RUN HOME RUN (Flyball, 89XD, EV 105.6 MPH), Distance : 412 ft
|
Batting: LHB Josh George
|
0-0: SINGLE (Groundball, 4MD, EV 106.9 MPH)
|
Batting: RHB Matt McDevitt
|
0-0: Called Strike 0-1: Ball 1-1: Foul Ball, location: 2F 1-2: Fly out, F3 (Flyball, 3D, EV 91.2 MPH)
|
Batting: RHB Victor Arroyo
|
0-0: Ball Josh George steals 2nd base 1-0: Called Strike 1-1: SINGLE (Line Drive, 9S, EV 98.1 MPH) Josh George to third
|
Batting: RHB Pablo Lopez
|
0-0: Fielders Choice at 2nd, 6-4 (Groundball, 6, EV 81.2 MPH)
|
Bottom of the 4th over - 4 runs, 5 hits, 1 error, 2 left on base; Kane County 0 - Lakewood 8 |
TOP OF THE 5TH |
Kane County Cougars batting - Pitching for Lakewood BlueClaws : RHP Seizaburo Takahashi
|
Batting: RHB Marlon Reda
|
0-0: Ball 1-0: Called Strike 1-1: Ball 2-1: Fly out, F8 (Flyball, 8RD, EV 90.0 MPH)
|
Batting: LHB T.J. Duvall
|
0-0: Ball 1-0: Ball 2-0: Called Strike 2-1: Swinging Strike 2-2: Ball 3-2: Base on Balls
|
Batting: RHB Sergio Manzanero
|
0-0: Swinging Strike 0-1: Swinging Strike 0-2: Ball 1-2: Ball 2-2: Strikes out swinging
|
Batting: RHB Wes Santiago
|
0-0: Ball 1-0: Ground out 5-3 (Groundball, 56S, EV 80.6 MPH)
|
Top of the 5th over - 0 runs, 0 hits, 0 errors, 1 left on base; Kane County 0 - Lakewood 8 |
BOTTOM OF THE 5TH |
Lakewood BlueClaws batting - Pitching for Kane County Cougars : RHP Mike Stover
|
Batting: RHB Gary Hills
|
0-0: Foul Ball, location: 2F 0-1: Foul Ball, location: 2F 0-2: Ball 1-2: Ball 2-2: Foul Ball, location: 2F 2-2: Ball 3-2: Base on Balls
|
Batting: SHB Mike Rueth
|
0-0: Called Strike 0-1: Ball 1-1: Fielders Choice at 2nd, 3-6 (Groundball, 3, EV 81.9 MPH)
|
Batting: RHB Chris Myers
|
0-0: Foul Ball, location: 2F 0-1: Ball 1-1: Foul Ball, location: 2F 1-2: Ball 2-2: Ball 3-2: SINGLE (Line Drive, 78M, EV 105.6 MPH) Mike Rueth to second
|
Batting: LHB Jose Carlos
|
0-0: Called Strike 0-1: Ball Wild Pitch! Mike Rueth to third Chris Myers to second 1-1: DOUBLE (Line Drive, 89XD, EV 108.1 MPH) Mike Rueth scores Chris Myers scores
|
Batting: RHB Manny Mendoza
|
0-0: Ball 1-0: Foul Ball, location: 2F 1-1: Ball 2-1: SINGLE (Flyball, 4MD, EV 88.8 MPH) Jose Carlos to third
|
Batting: LHB Josh George
|
0-0: Ball 1-0: Swinging Strike 1-1: Foul Ball, location: 2F 1-2: Strikes out swinging
|
Batting: RHB Matt McDevitt
|
0-0: SINGLE (Groundball, 4MD, EV 108.1 MPH) Jose Carlos scores Manny Mendoza to second
|
Batting: RHB Victor Arroyo
|
0-0: Foul Ball, location: 2F 0-1: Ball 1-1: Ball 2-1: Foul Ball, location: 2F 2-2: Ball 3-2: Fly out, F8 (Flyball, 8RD, EV 100.6 MPH)
|
Bottom of the 5th over - 3 runs, 4 hits, 0 errors, 2 left on base; Kane County 0 - Lakewood 11 |
TOP OF THE 6TH |
Kane County Cougars batting - Pitching for Lakewood BlueClaws : RHP Seizaburo Takahashi
|
Batting: LHB Willie Gutierrez
|
0-0: Ball 1-0: Ball 2-0: Called Strike 2-1: SINGLE (Groundball, 6S, EV 71.9 MPH) (infield hit)
|
Batting: RHB Edgar Garcia
|
0-0: Fielders Choice at 2nd, 1-6 (Groundball, 13S, EV 68.8 MPH)
|
Batting: LHB Kevin Ferguson
|
0-0: Ball 1-0: Ball 2-0: Foul Ball, location: 2F 2-1: SINGLE (Groundball, 6M, EV 103.1 MPH) (infield hit) Edgar Garcia to second
|
Batting: RHB Chris Bittner
|
0-0: Ball 1-0: Fielders Choice at 2nd, 1-6 (Groundball, 13, EV 67.5 MPH) Edgar Garcia to third
|
Batting: LHB Rick Roemer
|
0-0: Fielders Choice at 2nd, 5-4 (Groundball, 56, EV 101.2 MPH)
|
Top of the 6th over - 0 runs, 2 hits, 0 errors, 2 left on base; Kane County 0 - Lakewood 11 |
BOTTOM OF THE 6TH |
Lakewood BlueClaws batting - Pitching for Kane County Cougars : RHP Mike Stover
|
Batting: RHB Pablo Lopez
|
0-0: Ball 1-0: Ball 2-0: Called Strike 2-1: Foul Ball, location: 2F 2-2: Foul Ball, location: 2F 2-2: Strikes out swinging
|
Pitching: RHP Perry Mills
|
|
Batting: RHB Gary Hills
|
0-0: Ball 1-0: Foul Ball, location: 2F 1-1: Ball 2-1: Ball 3-1: Foul Ball, location: 2F 3-2: Base on Balls
|
Batting: SHB Mike Rueth
|
0-0: Grounds into double play, 4-6-3 (Groundball, 4, EV 108.1 MPH)
|
Bottom of the 6th over - 0 runs, 0 hits, 0 errors, 0 left on base; Kane County 0 - Lakewood 11 |
TOP OF THE 7TH |
Kane County Cougars batting - Pitching for Lakewood BlueClaws : RHP Seizaburo Takahashi
|
Pinch Hitting: LHB Brian Nielsen
|
0-0: SINGLE (Groundball, 6MD, EV 108.8 MPH)
|
Pinch Hitting: RHB Jake Hodge
|
0-0: Ball 1-0: Fly out, F6 (Line Drive, 6, EV 57.5 MPH)
|
Pinch Hitting: RHB Mike Persinger
|
0-0: Ball 1-0: Foul Ball, location: 2F 1-1: Ground out 5-3 (Groundball, 56S, EV 69.4 MPH) Brian Nielsen to second
|
Batting: RHB Wes Santiago
|
0-0: Called Strike 0-1: Foul Ball, location: 2F 0-2: Strikes out looking
|
Top of the 7th over - 0 runs, 1 hit, 0 errors, 1 left on base; Kane County 0 - Lakewood 11 |
BOTTOM OF THE 7TH |
Lakewood BlueClaws batting - Pitching for Kane County Cougars : RHP Perry Mills
|
Now at 1B: Jake Hodge
|
|
Now at 2B: Brian Nielsen
|
|
Now at SS: Mike Persinger
|
|
Pinch Hitting: LHB Tsuneharu Nishimura
|
0-0: Ball 1-0: SINGLE (Line Drive, 89S, EV 109.4 MPH)
|
Batting: LHB Jose Carlos
|
0-0: Ball 1-0: Fielders Choice at 2nd, 3-6 (Groundball, 34, EV 88.1 MPH)
|
Batting: RHB Manny Mendoza
|
0-0: Ball 1-0: Swinging Strike 1-1: Ball 2-1: Foul Ball, location: 2F 2-2: Fielders Choice at 2nd, 6-4 (Groundball, 6, EV 88.8 MPH)
|
Batting: LHB Josh George
|
0-0: Called Strike 0-1: Ground out U3 (Groundball, 34S, EV 85.0 MPH)
|
Bottom of the 7th over - 0 runs, 1 hit, 0 errors, 1 left on base; Kane County 0 - Lakewood 11 |
TOP OF THE 8TH |
Kane County Cougars batting - Pitching for Lakewood BlueClaws : RHP Seizaburo Takahashi
|
Now in CF: Tsuneharu Nishimura
|
|
Batting: LHB Willie Gutierrez
|
0-0: Ball 1-0: Ball 2-0: Ball 3-0: Called Strike 3-1: Base on Balls
|
Pitching: LHP Gabe Benitez
|
|
Batting: RHB Edgar Garcia
|
0-0: SINGLE (Flyball, 8LS, EV 86.9 MPH) Willie Gutierrez to second
|
Batting: LHB Kevin Ferguson
|
0-0: Called Strike 0-1: Ball 1-1: SINGLE (Groundball, 34D, EV 99.4 MPH) Willie Gutierrez to third Edgar Garcia to second
|
Batting: RHB Chris Bittner
|
0-0: Foul Ball, location: 2F 0-1: Fly out, F8 (Flyball, 89D, EV 80.0 MPH) Runner from 3rd tags up, SCORES, throw by CF Edgar Garcia to third
|
Batting: RHB Matt Maxwell
|
0-0: Ball 1-0: Ball 2-0: Grounds into double play, 1-4-3 (Groundball, 15S, EV 65.6 MPH)
|
Top of the 8th over - 1 run, 2 hits, 0 errors, 1 left on base; Kane County 1 - Lakewood 11 |
BOTTOM OF THE 8TH |
Lakewood BlueClaws batting - Pitching for Kane County Cougars : RHP Perry Mills
|
Batting: RHB Matt McDevitt
|
0-0: Ball 1-0: Ball 2-0: Called Strike 2-1: Foul Ball, location: 2F 2-2: Ball 3-2: DOUBLE (Line Drive, 89D, EV 115.0 MPH)
|
Batting: RHB Victor Arroyo
|
0-0: Foul Ball, location: 2F 0-1: Ball 1-1: Called Strike 1-2: Foul Ball, location: 2F 1-2: Foul Ball, location: 2F 1-2: SINGLE (Groundball, 4MD, EV 100.0 MPH) Matt McDevitt to third
|
Batting: RHB Pablo Lopez
|
0-0: Called Strike 0-1: Foul Ball, location: 2F 0-2: Strikes out looking
|
Batting: RHB Gary Hills
|
0-0: SINGLE (Line Drive, 89S, EV 90.6 MPH) Matt McDevitt scores Victor Arroyo to second
|
Batting: SHB Mike Rueth
|
0-0: Ball 1-0: Swinging Strike 1-1: Fielders Choice at 2nd, 4-6 (Groundball, 4, EV 108.1 MPH) Victor Arroyo to third
|
Batting: LHB Tsuneharu Nishimura
|
0-0: Ball 1-0: Swinging Strike 1-1: Ball 2-1: Foul Ball, location: 2F 2-2: Strikes out looking
|
Bottom of the 8th over - 1 run, 3 hits, 0 errors, 2 left on base; Kane County 1 - Lakewood 12 |
TOP OF THE 9TH |
Kane County Cougars batting - Pitching for Lakewood BlueClaws : LHP Gabe Benitez
|
Batting: LHB Brian Nielsen
|
0-0: Called Strike 0-1: Foul Ball, location: 2F 0-2: Ball 1-2: Ball 2-2: Ball 3-2: Ground out U3 (Groundball, 34, EV 85.6 MPH)
|
Batting: RHB Jake Hodge
|
0-0: Ball 1-0: Called Strike 1-1: Foul Ball, location: 2F 1-2: Foul Ball, location: 2F 1-2: Strikes out swinging
|
Batting: RHB Mike Persinger
|
0-0: Swinging Strike 0-1: Foul Ball, location: 2F 0-2: Ground out 6-3 (Groundball, 56, EV 81.2 MPH)
|
Top of the 9th over - 0 runs, 0 hits, 0 errors, 0 left on base; Kane County 1 - Lakewood 12 |
|